 Dungeon Crawl Stone Soup version 0.30-a0-263-ge22c4ad894 (webtiles) character file.

Game seed: 8690027922129281498

21 Sobieck the Ruffian (level 2, -1/29 HPs)
             Began as an Ogre Transmuter on Oct 13, 2022.
             Succumbed to an adder's poison
             ... on level 2 of the Dungeon.
             The game lasted 00:01:24 (981 turns).

Sobieck the Ruffian (Ogre Transmuter)                Turns: 981, Time: 00:01:24

Health: -1/29      AC:  3    Str: 13    XL:     2   Next: 83%
Magic:  5/5        EV:  9    Int: 14    God:
Gold:   67         SH:  0    Dex:  9    Spells: 4/5 levels left

rFire   . . .      SeeInvis .      - Unarmed
rCold   . . .      Faith    .    (no shield)
rNeg    . . .      Spirit   .    a - +0 robe
rPois   .          Reflect  .    (helmet currently unavailable)
rElec   .          Harm     .    (no cloak)
rCorr   .          Rampage  .    (gloves unavailable)
Will    .....                    (boots unavailable)
Stlth   +.........               (no amulet)
HPRegen 0.24/turn                (no ring)
MPRegen 0.09/turn                (no ring)

@: lethally poisoned (-1 -> -14), appendages (expiring)
A: horns 2, talons 2, large, unfitting armour, tough skin 1
a: End Transformation


You were on level 2 of the Dungeon.
You had temporarily grown beastly horns and talons.
You visited 1 branch of the dungeon, and saw 2 of its levels.

You collected 67 gold pieces.


Innate Abilities, Weirdness & Mutations

You have temporarily grown beastly horns and talons.
You are too large for most types of armour.
You have tough skin. (AC +1)


   Skills:
 + Level 2.3 Fighting
 - Level 1.7 Dodging
 + Level 3.0 Unarmed Combat
 - Level 2.4 Spellcasting
 + Level 2.2 Transmutations


You had 4 spell levels left.
You knew the following spells:

 Your Spells              Type           Power      Damage    Failure   Level
a - Beastly Appendage     Tmut           14%        N/A       9%          1

Your spell library contained the following spells:

 Spells                   Type           Power      Damage    Failure   Level
 Wereblood                Tmut           7%         N/A       14%         2
 Spider Form              Tmut/Pois      4%         N/A       41%         3
 Ice Form                 Ice/Tmut       4%         N/A       82%         4

Inventory:

Hand Weapons
 f - a +0 club {mace}
   (You took it off a goblin on level 1 of the Dungeon)
 i - a +0 dagger {short}
   (You took it off a goblin on level 1 of the Dungeon)
 l - a +0 dagger of venom {short}
   (You found it on level 1 of the Dungeon)
 m - a +0 dagger {short}
   (You took it off a goblin on level 1 of the Dungeon)
 o - a +1 mace of venom {mace}
   (You found it on level 1 of the Dungeon)
 s - a +0 dagger {short}
   (You found it on level 2 of the Dungeon)
Missiles
 k - 4 atropa-tipped darts {throwing}
 p - 4 stones {throwing}
Armour
 a - a +0 robe (worn)
 j - a +0 robe
   (You found it on level 1 of the Dungeon)
Scrolls
 c - a scroll of noise {unknown}
 e - a scroll of magic mapping {unknown}
 g - a scroll of identify {unknown}
 h - a scroll of amnesia {unknown}
 n - a scroll of teleportation {unknown}
 q - a scroll of poison {unknown}
Potions
 b - a potion of lignification {!q}
 d - a potion of haste {unknown}
 r - a potion of berserk rage {unknown}

Dungeon Overview and Level Annotations

Branches:
Dungeon (2/15) Zot: 11017

Altars:

........ #.# #........... ...
###........... ##.#.#.#
#.~............ ...#.#.#
~~~≈.~~..♣... .###.#..#.#.#
.~~..~......# #.##.#..#.#.#
~≈~~~≈.≈.~#.###.##.#..#.#.#
~.~...≈.~......S@#.#..#.#.#
~.~~#~...♣......##.#..#.#.#
~~..~~~..~#####.##.#....#.###
.≈.~~.....########..........#
♣~#.♣.#.≈.#...............#.#
♣~♣..............#.#####.# #
#.##.#.#######.#.# #.#
#....#.#<......#.# #.#
######.#########.# #.#


You could see an adder.


Message History

Done exploring.
Unknown command.
Okay, then.
Unknown command.
Done exploring.
(D) Dungeon
Where to? (? - help)
There is an open door here.
There is a fountain of clear blue water here.
There is an open door here.
There is a stone staircase leading down here.
You climb downwards.
There is a stone staircase leading up here.
Unknown command.
Unknown command.
r - a bubbling brown potion Unknown command.
You now have 67 gold pieces (gained 10).
s - a +0 dagger {short} You enter the shallow water.
Moving in this stuff is going to be slow.
An adder comes into view.
The adder moves out of view.
Unknown command.
Danger!
You grow a pair of large bovine horns.
Your feet morph into talons.
You hit the adder. The adder bites you but does no damage.
You hit the adder. The adder bites you.
You hit the adder. Your kick misses the adder. The adder barely misses you.
The adder bites you but does no damage.
You miss the adder. The adder misses you.
You miss the adder. Your kick misses the adder. The adder bites you.
You are poisoned.
The adder poisons you!
You closely miss the adder. Your headbutt misses the adder.
Your transformation is almost over.
You feel sick. The adder bites you.
You are more poisoned.
The adder poisons you!
Unknown command.
You hit the adder. Your headbutt misses the adder.
You feel very sick. The adder bites you.
The adder bites you but does no damage.
Unknown command.
You closely miss the adder.
You feel sick. The adder bites you.
You are more poisoned.
The adder poisons you!
You hit the adder.
You kill the adder!
You feel very sick.
Your Unarmed Combat skill increases to level 3!
Unknown command.
You feel very sick.
You feel sick.
You start resting.
You feel sick. x2
Your horns disappear.
Your talons disappear.
You feel sick. x4
You are no longer poisoned.
Unknown command.
You start resting.
An adder comes into view.
Danger!
You start resting.
An adder is nearby!
Danger!
An adder is nearby!
Unknown command.
The adder hisses angrily.
Unknown command.
You grow a pair of large bovine horns.
Your feet morph into talons.
Unknown command.
Your transformation is almost over.
You hit the adder. The adder bites you.
You are poisoned.
The adder poisons you!
You closely miss the adder. You claw the adder.
You feel sick. The adder bites you.
Unknown command.
You hit the adder. Your headbutt misses the adder.
You feel sick. The adder bites you. x2
You are more poisoned.
The adder poisons you!
You miss the adder.
You feel sick. The adder closely misses you.
Unknown command.
You barely miss the adder. Your kick misses the adder.
Your headbutt misses the adder.
You feel sick. The adder bites you but does no damage.
Unknown command.
You hit the adder but do no damage.
You feel sick. The adder bites you.
* * * LOW HITPOINT WARNING * * *
You are lethally poisoned!
The adder poisons you!
You hit the adder but do no damage. Your headbutt misses the adder.
* * * LOW HITPOINT WARNING * * *
You feel very sick. The adder closely misses you. The adder bites you.
* * * LOW HITPOINT WARNING * * *
You are more poisoned.
The adder poisons you!
You closely miss the adder.
You die...

Skill      XL: |  1  2 |
---------------+-------+-----
Transmutations | 2 |  2.2
Fighting       | 2 |  2.3
Unarmed Combat | 3 |  3.0
Dodging        | |  1.7
Spellcasting   | |  2.4

Action                   || total
-------------------------++-------
Melee: Unarmed           ||    33
       Kick              ||     5
       Headbutt          ||     2
 Cast: Beastly Appendage ||     9
Armor: Robe              ||     7
Dodge: Dodged            ||    11

Levels and vault maps discovered:
D:1:      amcnicky_arrival_feature_with_door, layout_loops_ring,
          shapermc_ecumenical_altar_mp_ritualfount, minmay_fountain_box,
          serial_bayou_pond_e
D:2:      layout_basic, chequers_serial_rivers_marsh

Notes
Turn   | Place    | Note
-------+----------+-------------------------------------------
     0 | D:1      | Sobieck the Ogre Transmuter began the quest for the Orb.
     0 | D:1      | Reached XP level 1. HP: 19/19 MP: 3/3
    93 | D:1      | Found a faded altar of an unknown god.
   153 | D:1      | Reached skill level 2 in Transmutations
   211 | D:1      | Reached XP level 2. HP: 28/28 MP: 3/5
   287 | D:1      | Reached skill level 2 in Fighting
   883 | D:2      | Reached skill level 3 in Unarmed Combat
   886 | D:2      | HP: 7/29 [poisoned by an adder]
   980 | D:2      | HP: 6/29 [poisoned by an adder]
   980 | D:2      | HP: 2/29 [adder (4)]
   981 | D:2      | Succumbed to an adder's poison

Vanquished Creatures
  An adder (D:2)
  An endoplasm (D:1)
  A giant cockroach (D:1)
  3 goblins (D:1)
  2 hobgoblins (D:1)
  A bat (D:1)
  A rat (D:1)
10 creatures vanquished.

Table legend:
 A = Non-vault XP
 B = Vault XP
 C = Vault XP percentage of total XP
 D = Non-vault monster count
 E = Vault monster count
 F = Vault count percentage of total count
                 A         B        C        D         E       F
            +---------+---------+-------+---------+---------+-------
      Total |      30 |       0 |   0.0 |      10 |       0 |   0.0
            +---------+---------+-------+---------+---------+-------
        D:1 |      16 |       0 |   0.0 |       9 |       0 |   0.0
        D:2 |      14 |       0 |   0.0 |       1 |       0 |   0.0
            +---------+---------+-------+---------+---------+-------

Illustrated notes

Table legend:
 A = Kills in this place as a percentage of kills in entire the game.
 B = Kills by you in this place as a percentage of kills by you in the entire game.
 C = Kills by friends in this place as a percentage of kills by friends in the entire game.
 D = Other kills in this place as a percentage of other kills in the entire game.
 E = Experience gained in this place as a percentage of experience gained in the entire game.
 F = Experience gained in this place divided by the number of levels of this place that you have seen.
                   A       B       C       D       E      F
               +-------+-------+-------+-------+-------+----------------------
         Total | 100.0 | 100.0 |   N/A |   N/A | 100.0 |  15.0
       Dungeon | 100.0 | 100.0 |   N/A |   N/A | 100.0 |  15.0
               +-------+-------+-------+-------+-------+----------------------

Table legend: (Time is in decaauts)
 A = Elapsed time spent in this place.
 B = Non-inter-level travel time spent in this place.
 C = Inter-level travel time spent in this place.
 D = Time resting spent in this place.
 E = Time spent auto-exploring this place.
 F = Levels seen in this place.
 G = Mean time per level.
                   A        B        C        D        E       F      G
               +--------+--------+--------+--------+--------+-----+--------+
         Total |    982 |    949 |     33 |     80 |    765 |   2 |  491.0 |
       Dungeon |    982 |    949 |     33 |     80 |    765 |   2 |  491.0 |
               +--------+--------+--------+--------+--------+-----+--------+

Top non-repeatable levels by time:
     D:1: 815 daAuts
     D:2: 166 daAuts
